 Dungeon Crawl Stone Soup version 0.29.1-4-g47bece8355 (webtiles) character file.

Game seed: 12553889322155657082

491 warriortoast the Sneak (level 6, 0/32 HPs)
             Began as a Spriggan Hunter on Dec 6, 2022.
             Killed from afar by a steam dragon (12 damage)
             ... with a ball of steam
             ... on level 5 of the Dungeon.
             The game lasted 00:05:29 (4363 turns).

warriortoast the Sneak (Spriggan Hunter)            Turns: 4363, Time: 00:05:29

Health: 0/32       AC:  2    Str:  7    XL:     6   Next: 91%
Magic:  7/7        EV: 20    Int: 11    God:
Gold:   219        SH:  0    Dex: 20    Spells: 5/5 levels left

rFire   . . .      SeeInvis +   a - +0 shortbow
rCold   . . .      Faith    .   (shield currently unavailable)
rNeg    . . .      Spirit   .   c - +0 robe
rPois   .          Reflect  .   (helmet restricted)
rElec   .          Harm     .   (no cloak)
rCorr   .          Rampage  .   (gloves unavailable)
Will    +....                   (boots unavailable)
Stlth   +++.......              t - amulet of the acrobat
HPRegen 0.10/turn               (no ring)
MPRegen 0.10/turn               (no ring)

@: very quick
A: very small, no large weapons, unfitting armour, see invisible, speed 3
a: no special abilities


You were on level 5 of the Dungeon.
You visited 1 branch of the dungeon, and saw 5 of its levels.

You collected 219 gold pieces.

Inventory:

Hand Weapons
 a - a +0 shortbow (weapon)
Armour
 c - a +0 robe (worn)
Jewellery
 t - an amulet of the acrobat (around neck)
 x - a ring of ice
Wands
 y - a wand of flame (16)
Scrolls
 b - 2 scrolls of immolation
 f - 3 scrolls of summoning {unknown}
 g - 4 scrolls of butterflies {unknown}
 h - 2 scrolls of magic mapping {unknown}
 i - a scroll of enchant weapon {unknown}
 j - 2 scrolls of fear {unknown}
 k - 6 scrolls of identify {unknown}
 l - a scroll of vulnerability {unknown}
 m - a scroll of enchant armour {unknown}
 q - 3 scrolls of teleportation {unknown}
 u - a scroll of brand weapon {unknown}
 v - a scroll of torment {unknown}
 w - a scroll of noise {unknown}
Potions
 d - 5 potions of curing {unknown}
 e - 2 potions of heal wounds {unknown}
 n - a potion of degeneration {unknown}
 o - a potion of invisibility {unknown}
 p - 2 potions of lignification {unknown}
 r - 2 potions of berserk rage {unknown}
 s - a potion of flight {unknown}


   Skills:
 + Level 3.3 Fighting
 + Level 5.3 Ranged Weapons
 + Level 5.4 Dodging
 + Level 5.8 Stealth


You had 5 spell levels left.
You didn't know any spells.
Your spell library contained the following spells:

 Spells                   Type           Power      Damage    Failure   Level
 Shock                    Conj/Air       0%         1d3       34%         1
 Swiftness                Air            0%         N/A       71%         3
 Airstrike                Air            0%         2d(0-16)  98%         4


Dungeon Overview and Level Annotations

Branches:
Dungeon (5/15)
 Temple: D:4-7

Altars:
Sif Muna

Shops:
D:2 (

Annotations:
D:2 Sigmund


Innate Abilities, Weirdness & Mutations

You are very small and have problems with some larger weapons.
You are too small for most types of armour.
You have supernaturally acute eyesight. (SInv)
You cover ground extremely quickly. (Speed+++)


Message History

You shoot an arrow. The arrow barely misses the scorpion.
The scorpion misses you.
You shoot an arrow. The arrow hits the scorpion.
The scorpion is severely wounded.
The scorpion stings you.
You are poisoned.
The scorpion poisons you! The scorpion stings you.
You are more poisoned.
The scorpion poisons you!
You shoot an arrow. The arrow hits the scorpion.
The scorpion is almost dead.
You feel very sick. The scorpion completely misses you.
You shoot an arrow. The arrow hits the scorpion!
You kill the scorpion!
You feel very sick.
You start resting.
You feel very sick.
You start resting.
You feel sick.
You start resting.
* * * LOW HITPOINT WARNING * * *
You feel sick.
You start resting.
You feel sick. x6
You are no longer poisoned.
You start resting.
A steam dragon comes into view.
There is an open door here.
You start resting.
A steam dragon is nearby!
You are too injured to fight recklessly!
Fire: a) +0 shortbow
Press: ? - help, Q - select action, (/) - cycle Shift-Dir - straight line, f - steam dragon
Aim: a steam dragon (wandering, hasn't noticed you, 65% to hit)
You shoot an arrow. The steam dragon hisses angrily.
The arrow hits the steam dragon.
The steam dragon is lightly wounded.
The steam dragon breathes steam at you. The ball of steam hits you!
You die...

#.................###.
#.#......####.......o.
#.###D...# #####.....
#.+.#.#..# ##.###.##)<
###.#'#..###^[..D.....
#####.....#...............
#...'....§##'###..........
##.###....§#...#..........#
#..#####.#@#...#'#....[....
#..'.s.+.#.......#......##.
#####...#####...###.#...###.
+.#.......#.'...'.#.##### #.
###.#'#...#'#.#####.#+# #.
#.....#...#.....#.....# #.
+.....##+##.....'.....#######.
#.....#...#.....#.....#...#.o.
###.#'#...#+#.#####.#'#...#'##


There were no monsters in sight!

Vanquished Creatures
  3 scorpions
  2 hounds
  2 orc wizards
  Terence (D:2)
  6 adders
  3 worms
  4 dart slugs
  10 orcs
  6 endoplasms
  A giant cockroach (D:2)
  10 goblins
  7 hobgoblins
  3 jackals (D:5)
  9 kobolds
  5 quokkas
  6 ball pythons
  7 bats
  A frilled lizard (D:1)
  7 rats
93 creatures vanquished.

Notes
Turn   | Place    | Note
-------+----------+-------------------------------------------
     0 | D:1      | warriortoast the Spriggan Hunter began the quest for the
                  | Orb.
     0 | D:1      | Reached XP level 1. HP: 10/10 MP: 2/2
   243 | D:1      | Reached XP level 2. HP: 15/15 MP: 3/3
   836 | D:1      | Reached XP level 3. HP: 18/18 MP: 4/4
  1071 | D:2      | Noticed Terence
  1120 | D:2      | Killed Terence
  1121 | D:2      | Reached XP level 4. HP: 14/23 MP: 5/5
  1355 | D:2      | Noticed Sigmund
  1695 | D:2      | Found Coenih's Weapon Emporium.
  2166 | D:3      | Identified the +0 ring mail "Perrod" {rC+}
  2303 | D:3      | Reached XP level 5. HP: 21/27 MP: 6/6
  2401 | D:3      | Found a faded altar of an unknown god.
  3020 | D:4      | Reached skill level 5 in Ranged Weapons
  3025 | D:4      | Reached XP level 6. HP: 23/32 MP: 7/7
  3328 | D:4      | Reached skill level 5 in Stealth
  3490 | D:4      | Found a shimmering blue altar of Sif Muna.
  3545 | D:5      | Entered Level 5 of the Dungeon
  3556 | D:5      | Reached skill level 5 in Dodging
  3614 | D:5      | HP: 1/32 [orc priest/divine providence (12)]
  4272 | D:5      | Noticed a steam dragon
  4363 | D:5      | Killed from afar by a steam dragon

Illustrated notes

Levels and vault maps discovered:
D:1:      beargit_arrival_diablo_church, layout_basic
D:2:      layout_loops_ring, serial_shops, shop, uniq_terence, uniq_sigmund
D:3:      layout_loops_cross, hellmonk_ecumenical_altar_inner_sanctum
D:4:      layout_loops_ring, nicolae_sif_muna_condensation,
          nicolae_zen_rock_garden
D:5:      nicolae_cairo_tiling_large, layout_loops_cross, amcnicky_altar_gilded,
          uniq_prince_ribbit1, uniq_pikel

Skill      XL: |  1  2  3  4  5  6 |
---------------+-------------------+-----
Stealth        | 2 3 4 5 |  5.8
Dodging        | 3 4 5 |  5.4
Fighting       | 2 3 |  3.3
Ranged Weapons | 5 |  5.3

Action                   |  1- 3 |  4- 6 || total
-------------------------+-------+-------++-------
 Fire: Shortbow          |   102 |   201 ||   303
Armor: Robe              |     2 |     6 ||     8
Dodge: Dodged            |    29 |    85 ||   114
